Map: Terraform LE (Void)

Players

Asparagus

  • Race: Terran Terran
  • League: Grandmaster

wabbajack - Winner!

  • Race: Zerg Zerg
  • League: Gold

VOD

Have the link to the VOD?

Description

Time

  • Played on: July 22, 2015, 12:05 a.m.
  • Length: 5:21
Show
View Real Time Build Order
Export as new Build Order

Asparagus Terran 

Build Orders:  

Get SALT Encoding   

  12  0:01  SCV  
  13  0:13  SCV  
  14  0:19  Supply Depot  
  14  0:25  SCV  
  15  0:40  SCV  
  16  0:44  Barracks  
  16  0:53  SCV  
  16  0:55  Refinery  
  17  1:05  SCV  
  18  1:17  SCV  
  19  1:31  Orbital Command  
  19  1:32  Supply Depot, Marine  
  20  1:47  Command Center  
  20  1:51  Marine  
  21  1:57  SCV  
  22  2:07  Barracks  
  22  2:09  Marine  
  22  2:10  SCV  
  24  2:22  SCV  
  25  2:25  Factory  
  25  2:27  Marine  
  26  2:30  Refinery  
  26  2:34  SCV  
  27  2:45  Marine  
  27  2:47  SCV  
  29  2:56  Supply Depot  
  29  2:59  SCV  
  29  3:02  Marine  
  29  3:03  Orbital Command  
  31  3:05  Barracks Reactor  
  31  3:10  Barracks  
  31  3:14  SCV  
  32  3:20  Starport  
  32  3:22  Factory Reactor  
  32  3:25  Marine  
  33  3:28  SCV, Orbital Command  
  35  3:40  SCV  
  35  3:44  Supply Depot  
  35  3:47  Marine  
  35  3:48  Marine  
  37  3:49  Barracks Tech Lab  
  37  3:53  SCV  
  37  3:54  SCV  
  39  4:05  SCV  
  39  4:06  SCV  
  41  4:17  SCV  
  41  4:18  SCV, Barracks  
  41  4:19  Barracks Reactor  
  43  4:27  Supply Depot  
  43  4:29  SCV  
  43  4:30  SCV  
  45  4:32  Engineering Bay  
  45  4:33  Engineering Bay  
  45  4:37  Refinery  
  45  4:38  Refinery  
  45  4:41  SCV  
  45  4:42  SCV  
  45  4:43  Medivac x2  
  51  4:53  SCV, Factory Reactor  
  51  4:55  SCV  
Show
View Real Time Build Order
Export as new Build Order

wabbajack Zerg - Winner!

Build Orders: Pool First, Zergling Baneling 

Get SALT Encoding   

  12  0:04  Drone  
  13  0:15  Overlord  
  13  0:20  Drone  
  14  0:29  Extractor  
  14  0:30  Drone  
  15  0:40  Drone x2  
  17  0:42  Extractor  
  16  0:51  Spawning Pool  
  16  0:53  Drone  
  16  1:00  Drone  
  18  1:11  Drone  
  18  1:20  Drone  
  19  1:31  Drone  
  20  1:38  Queen  
  22  1:42  Overlord  
  22  1:51  Hatchery  
  21  1:54  Metabolic Boost  
  21  1:58  Zergling x2  
  22  2:25  Extractor  
  21  2:35  Pneumatized Carapace  
  21  2:38  Drone  
  21  2:43  Zergling x4  
  24  3:03  Zergling x2  
  25  3:11  Zergling x2  
  25  3:12  Zergling x4  
  28  3:17  Zergling x2  
  28  3:18  Queen  
  28  3:19  Overlord  
  31  3:20  Overlord  
  31  3:23  Drone x4  
  35  3:34  Baneling Nest  
  34  3:47  Drone  
  34  3:48  Drone x4  
  39  4:20  Baneling  
  39  4:21  Baneling x3  
  39  4:23  Baneling  
  39  4:24  Baneling x3  
  39  4:30  Zergling x2  
  39  4:31  Zergling x12  
  45  4:38  Hatchery  
  45  4:41  Overlord  
Tags
 
Add a new tag
Caveats
  • Supply blocks, unpowered buildings, or Contaminate may cause inaccurate times.
  • Supply counts are checked every 10 seconds.